 Dungeon Crawl Stone Soup version 0.30.0-30-g96aa6591b8 (webtiles) character file.

Game seed: 254516781767839026

1544 scttnk the Chopper (level 8, -26/71 HPs)
             Began as a Minotaur Fighter on June 25, 2023.
             Annihilated by a cyclops (31 damage)
             ... on level 6 of the Dungeon on June 26, 2023.
             The game lasted 01:05:49 (7472 turns).

scttnk the Chopper (Minotaur Fighter)               Turns: 7472, Time: 01:05:50

Health: -26/71     AC:  7    Str: 23    XL:     8   Next: 56%
Magic:  0/7        EV: 10    Int:  5    God:
Gold:   282        SH:  5    Dex: 10    Spells: 7/7 levels left

rFire   . . .        i - +0 war axe (venom)
rCold   . . .        c - +0 buckler
rNeg    . . .        b - +0 scale mail
rPois   .            (helmet restricted)
rElec   .            (no cloak)
rCorr   .            (no gloves)
SInv    .            (no boots)
Will    .....        z - amulet of guardian spirit Stlth
                     (no ring)
HPRegen 0.31/turn    (no ring)
MPRegen 0.10/turn

%: guardian spirit
@: no status effects
A: horns 2, retaliatory headbutt
a: no special abilities


You were on level 6 of the Dungeon.
You visited 1 branch of the dungeon, and saw 6 of its levels.

You collected 282 gold pieces.

Inventory:

Hand Weapons
 a - a +1 rapier of draining
 e - a +0 dagger
 g - a +0 short sword
 i - a +0 war axe of venom (weapon)
 k - a +0 longbow
 m - a +0 whip
 o - a +0 dagger
 u - a +0 quarterstaff
 v - a +1 dagger of venom
 y - a +0 mace
 D - a +0 hand axe
 J - a +0 giant spiked club
 L - a +0 flail
 M - a +1 whip of electrocution
 O - a +0 trident of freezing
Missiles
 h - 48 stones
 j - 10 boomerangs (quivered)
 n - 2 javelins
 s - a throwing net
 W - a curare-tipped dart
 X - 6 poisoned darts
Armour
 b - a +0 scale mail (worn)
 c - a +0 buckler (worn)
 f - a +0 robe
 l - a +0 leather armour
 E - a +0 scale mail
 F - a +0 ring mail
Jewellery
 t - a ring of see invisible
 z - an amulet of guardian spirit (around neck)
 R - a ring of protection from cold
 S - a ring of see invisible
Wands
 A - a wand of roots (10)
 B - a wand of paralysis (8)
Scrolls
 p - 4 scrolls of identify
 q - a scroll of poison {unknown}
 r - 4 scrolls of teleportation
 G - a scroll of enchant weapon
 I - 2 scrolls of blinking
 K - a scroll of vulnerability
 P - a scroll of immolation
 Q - a scroll of enchant armour {unknown}
 U - a scroll of silence {unknown}
Potions
 d - a potion of might
 w - 3 potions of lignification {unknown}
 x - 3 potions of heal wounds {unknown}
 C - 2 potions of ambrosia {unknown}
 H - 2 potions of curing {unknown}
 N - a potion of haste {unknown}
 T - a potion of berserk rage {unknown}
 V - a potion of invisibility {unknown}


   Skills:
 + Level 6.4 Fighting
 + Level 4.1 Short Blades
 + Level 7.3 Axes
 + Level 7.2 Armour
 + Level 2.2 Dodging
 + Level 0.4 Stealth
 + Level 5.3 Shields
 + Level 0.8 Unarmed Combat


You had 7 spell levels left.
You didn't know any spells.
Your spell library contained the following spells:

 Spells                   Type           Power      Damage    Failure   Level
 Magic Dart               Conj           0%         1d3       82%         1
 Searing Ray              Conj           0%         2d4       91%         2
 Fulminant Prism          Conj/Hex       0%         3d5       100%        4


Dungeon Overview and Level Annotations

Branches:
Dungeon (6/15)
 Temple: D:4-7

Altars:

Shops:
D:3 [


Innate Abilities, Weirdness & Mutations

You have a pair of horns on your head.
You reflexively headbutt those who attack you in melee.


Message History

You see here a +0 leather armour.
There is an open door here.
You open the door.
There is an open door here.
Found 6 stones.
Found 5 stones.
h - 37 stones (gained 6)
h - 42 stones (gained 5)
h - 48 stones (gained 6)
You open the door.
There is an open door here.
As you open the door, it creaks loudly!
Found a stone staircase leading down.
There is an open door here.
Found a wand of roots (6).
A - a wand of roots (10) (gained 6 charges)
You open the door.
There is an open door here.
Found a pink potion.
Found a scroll of magic mapping.
A cyclops comes into view.
The cyclops throws a large rock.
The large rock hits you!!
You slash the cyclops!
The cyclops is poisoned.
You headbutt the cyclops, but do no damage.
The cyclops is lightly wounded.
The cyclops barely misses you.
You barely miss the cyclops.
You headbutt the cyclops, but do no damage.
The cyclops is moderately wounded.
The cyclops hits you!
You hit the cyclops but do no damage.
The cyclops looks as sick as possible!
The cyclops is moderately wounded.
The cyclops hits you!!
* * * LOW HITPOINT WARNING * * *
A sleepcap comes into view.
The cyclops hits you!
* * * LOW HITPOINT WARNING * * *
An orc priest comes into view. It is wielding a +0 hand axe.
The cyclops hits you!!
You die...

.?.# # ...# .##..# #.
##....# ..# ##.f#o.
##.. #.#.#.# #..
#!.f#.# #.####
#...#.C.# .....#
#######@#
.....###########.######
.....'................#
.....###############.##
###### #.# #.#
######### #.# ........#
#.# ........# #.#


You could see a cyclops (very poisoned), a sleepcap and an orc priest.

Vanquished Creatures
  2 ice beasts
  2 black bears
  A sky beast (D:6)
  4 ogres
  A phantom (D:4)
  A kobold brigand (D:6)
  A scorpion (D:5)
  2 howler monkeys
  A jelly (D:6)
  2 hounds
  2 orc priests (D:4)
  An iguana (D:5)
  Ijyb (D:2)
  Terence (D:3)
  3 orc wizards
  A gnoll (D:2)
  7 adders
  An ufetubus (D:5)
  4 worms
  3 dart slugs
  13 orcs
  4 ball pythons
  An endoplasm (D:3)
  5 giant cockroaches
  11 goblins
  8 hobgoblins
  2 jackals (D:2)
  8 kobolds
  4 frilled lizards
  4 rats
101 creatures vanquished.

Notes
Turn   | Place    | Note
-------+----------+-------------------------------------------
     0 | D:1      | scttnk the Minotaur Fighter began the quest for the Orb.
     0 | D:1      | Reached XP level 1. HP: 19/19 MP: 0/0
   591 | D:2      | Reached XP level 2. HP: 27/27 MP: 1/1
  1119 | D:2      | Noticed Ijyb
  1133 | D:2      | Killed Ijyb
  1134 | D:2      | Reached XP level 3. HP: 26/34 MP: 2/2
  1715 | D:2      | Reached XP level 4. HP: 41/41 MP: 3/3
  2118 | D:1      | Found a faded altar of an unknown god.
  3041 | D:3      | Noticed Terence
  3100 | D:3      | Killed Terence
  3153 | D:3      | Reached XP level 5. HP: 41/47 MP: 4/4
  3205 | D:3      | Found Toantere's Armour Shop.
  4007 | D:4      | Noticed an ogre
  4011 | D:4      | Reached skill level 5 in Fighting
  4011 | D:4      | Reached skill level 5 in Armour
  4018 | D:4      | Killed an ogre
  4019 | D:4      | Reached skill level 1 in Axes
  4019 | D:4      | Reached XP level 6. HP: 14/56 MP: 1/5
  4342 | D:3      | Upgraded the game from 0.30.0-29-ga12c61a403 to
                  | 0.30.0-30-g96aa6591b8
  4977 | D:4      | Reached skill level 1 in Dodging
  5127 | D:4      | Reached skill level 5 in Shields
  5127 | D:4      | Reached XP level 7. HP: 51/61 MP: 4/6
  5840 | D:5      | Entered Level 5 of the Dungeon
  6237 | D:5      | Reached skill level 5 in Axes
  6668 | D:6      | Reached XP level 8. HP: 63/70 MP: 7/7
  7459 | D:6      | Noticed a cyclops
  7472 | D:6      | Annihilated by a cyclops

Illustrated notes

Levels and vault maps discovered:
D:1:      dpeg_arrival_water_fire, layout_loops_ring, basic_ecumenical_altar
D:2:      kennysheep_the_goblin_king, layout_loops_ring, cheibrodos_gnoll_hut
D:3:      layout_rooms, serial_shops, shop, uniq_terence,
          uniq_crazy_yiuf_cottage
D:4:      layout_gridville
D:5:      layout_loops_ring, uniq_ijyb
D:6:      layout_basic, minmay_manual_monstrance

Skill      XL: |  1  2  3  4  5  6  7  8 |
---------------+-------------------------+-----
Fighting       | 4 5 6 |  6.4
Shields        | 4 5 |  5.3
Armour         | 4 5 6 7 |  7.2
Short Blades   | 3 4 |  4.1
Axes           | 1 3 5 7 |  7.3
Dodging        | 1 2 |  2.2
Stealth        | |  0.4
Unarmed Combat | |  0.8

Action                     |  1- 3 |  4- 6 |  7- 9 || total
---------------------------+-------+-------+-------++-------
  Melee: Rapier            |    85 |   126 |       ||   211
         Headbutt          |    18 |    31 |    20 ||    69
         Unarmed           |     4 |       |       ||     4
         War axe           |       |    50 |    81 ||   131
    Use: Scroll            |     3 |     5 |       ||     8
         Potion            |       |     1 |       ||     1
 Armour: Scale mail        |    19 |    66 |    32 ||   117
  Dodge: Dodged            |    17 |    63 |    37 ||   117
  Block: Buckler           |    10 |    36 |    11 ||    57
